cohdb
Replays
Latest Replays
All Replays
Popular Replays
Top Player Replays
Match Explorer
How It Works
Community
CoH3 Stats
Reddit
Sign in to upload your games and track your stats! →
Sign in with Steam
Match 43735069
Unlisted
Match 43735069
Overview
Messages
Build Orders
End
Construct Infanterie Kompanie
Kettenkrad Recon Vehicle
MG 42 Machine Gun Team
Grenadier Squad
GrW 34 Mortar Team
Grenadier Squad
Construct Panzergrenadier Kompanie
Panzergrenadier Squad
Medical Station
Construct Luftwaffe Kompanie
Jäger Squad
Panzergrenadier Squad
Selects Breakthrough Battlegroup
Selects Assault Grenadiers
Selects Rapid Production
Selects Blitzkrieg
Construct Panzer Kompanie
Panzer IV Medium Tank
Panzer Officer Quarters
Side Skirts
Pioneer Squad
Jäger Squad
Selects Tiger Heavy Tank
ElementXV
robwarrior
0
0
Comments
sign in to comment!
No comments posted yet!